 Dungeon Crawl Stone Soup version 0.21-a0 (webtiles) character file.

8285 Lexie the Destroyer (level 11, -3/75 HPs)
             Began as an Octopode Wizard on May 19, 2017.
             Was a Priest of Vehumet.
             Slain by a vampire (9 damage)
             ... on level 10 of the Dungeon.
             The game lasted 00:37:14 (17990 turns).

Lexie the Destroyer (Octopode Wizard)              Turns: 17990, Time: 00:37:15

Health: -3/75      AC:  1    Str:  6    XL:     11   Next: 28%
Magic:  2/25       EV: 13    Int: 25    God:    Vehumet [***...]
Gold:   481        SH:  0    Dex: 10    Spells: 16/31 levels left

rFire    + . .     SeeInvis +   G - +2 quarterstaff (protect)
rCold    x . .     Gourm    .   (shield currently unavailable)
rNeg     . . .     Faith    .   a - +0 hat
rPois    .         Spirit   .   (no amulet)
rElec    .         Reflect  .   B - ring of fire
rCorr    .         Harm     .   K - ring of see invisible
MR       .....                  (no ring)
Stlth    +++.......             (no ring)
Regen    0.3/turn               (no ring)
MPRegen  0.2/turn               (no ring)
                                (no ring)
                                (no ring)

@: no status effects
A: almost no armour, stealthy swim, amphibious, 8 rings, constrict 8, camouflage
1, gelatinous body 1
a: Renounce Religion


You were on level 10 of the Dungeon.
You worshipped Vehumet.
Vehumet was most pleased with you.
You were not hungry.

You visited 2 branches of the dungeon, and saw 11 of its levels.

You collected 481 gold pieces.

Inventory:

Hand Weapons
 q - a +0 dagger
 C - a +0 blowgun
 G - a +2 quarterstaff of protection (weapon)
Armour
 a - a +0 hat (worn)
Magical Staves
 x - an uncursed staff of earth
Jewellery
 B - a ring of fire (left tentacle)
 K - a ring of see invisible (right tentacle)
Wands
 r - a wand of flame (22/48)
 F - a wand of iceblast (7/15)
Scrolls
 e - a scroll of remove curse
 f - 6 scrolls of identify {unknown}
 g - 2 scrolls of fear {unknown}
 l - 2 scrolls of enchant weapon {unknown}
 m - a scroll of blinking {unknown}
 n - a scroll of amnesia {unknown}
 p - a scroll of random uselessness {unknown}
 s - a scroll of recharging {unknown}
 v - a scroll of noise {unknown}
 y - 2 scrolls of immolation {unknown}
 A - a scroll of brand weapon {unknown}
 D - a scroll of enchant armour {unknown}
 E - 2 scrolls of teleportation {unknown}
 I - a scroll of vulnerability {unknown}
 J - a scroll of fog {unknown}
Potions
 h - 2 potions of heal wounds {unknown}
 i - a potion of magic {unknown}
 j - 3 potions of lignification {unknown}
 o - a potion of curing
 t - 2 potions of cancellation {unknown}
 u - a potion of invisibility {unknown}
 w - a potion of flight {unknown}
 z - 2 potions of agility
Books
 b - a book of Minor Magic

   Spells                             Type                      Level
   a - Magic Dart                     Conjuration                  1
   b - Blink                          Translocation                2
   c - Call Imp                       Summoning                    2
   d - Slow                           Hexes                        2
   e - Conjure Flame                  Conjuration/Fire             3
   f - Mephitic Cloud                 Conjuration/Poison/Air       3
 H - a book of Necromancy

   Spells                             Type                      Level
   a - Pain                           Necromancy                   1
   b - Animate Skeleton               Necromancy                   1
   c - Vampiric Draining              Necromancy                   3
   d - Regeneration                   Charms/Necromancy            3
   e - Animate Dead                   Necromancy                   4
   f - Control Undead                 Necromancy                   4
Comestibles
 c - 7 bread rations
 d - 2 meat rations
 k - 9 fruits


   Skills:
 * Level 7.3 Fighting
 - Level 2.2 Dodging
 - Level 2.8 Stealth
 - Level 0.2 Unarmed Combat
 + Level 10.6 Spellcasting
 + Level 10.7 Conjurations
   Level 1.0 Summonings
 - Level 1.0 Translocations


You had 16 spell levels left.
You knew the following spells:

 Your Spells              Type           Power        Failure   Level  Hunger
a - Magic Dart            Conj           ####         1%          1    None
b - Blink                 Tloc           N/A          4%          2    None
c - Conjure Flame         Conj/Fire      ######..     1%          3    None
d - Mephitic Cloud        Conj/Pois/Air  ####....     1%          3    None
e - Throw Flame           Conj/Fire      ######       1%          2    None
f - Olgreb's Toxic Radia  Pois           ##......     12%         4    None


Dungeon Overview and Level Annotations

Branches:
Dungeon (10/15)            Temple (1/1) D:6             Orc (0/2) D:9
   Lair: D:8-11

Altars:
Ashenzari
Cheibriados
Dithmenos
Elyvilon
Fedhas
Gozag
Hepliaklqana
Kikubaaqudgha
Makhleb
Nemelex Xobeh
Okawaru
Qazlal
Ru
Sif Muna
Trog
Uskayaw
Vehumet
Wu Jian
Xom
Yredelemnul
Zin
The Shining One

Shops:
D:7 %


Innate Abilities, Weirdness & Mutations

You cannot wear most types of armour.
You are very stealthy in the water. (Stealth+)
You are amphibious.
You can wear up to eight rings at the same time.
You can use your tentacles to constrict eight enemies at once.
Your skin changes colour to match your surroundings (Stealth+).
Your rubbery body absorbs attacks. (AC +1, EV +1)


Message History

2 wights come into view.
The killer bee zombie misses you. The killer bee misses you.
The killer bee zombie hits you.
Found a bubbling grey potion.
Okay, then.
Casting: Conjure Flame
Confirm with . or Enter, or press ? or * to list all spells.
Aiming: Throw Flame
Press: ? - help, Shift-Dir - straight line, f - wight
Aim: a wight, wielding a dire flail and wearing a robe You feel a surge of power!
The puff of flame hits the wight.
The wight is severely damaged.
The killer bee misses you. The killer bee zombie hits you!
* * * LOW HITPOINT WARNING * * *
The killer bee closely misses you. The killer bee zombie hits you.
* * * LOW HITPOINT WARNING * * *
The wight hits you with a dire flail!
* * * LOW HITPOINT WARNING * * *
The vampire hits you!
You die...

!.......# ........
.z....# #..?....#
.....# #.......# ..$Z#
#.......# ...
#.......# #z# .......#
#####@#### .$)..
#...yZV..#######.#####
#....y..$#............
#.........>...........
#........#######.#####
##.....### #.# ##
#.....# ... .. #.....#
....# .. #.....#
.....# ..


You could see a vampire (invisible), 2 killer bees, 2 wights, a killer bee
zombie and an adder skeleton.

Vanquished Creatures
  4 two-headed ogres
  Sigmund (D:5)
  Eustachio (D:6)
  A hungry ghost (D:9)
  The ghost of Lexie the Magician, an amateur OpWz (D:3)
  Duvessa (D:6)
  A water moccasin (D:8)
  2 black bears
  4 orc warriors
  2 ice beasts
  3 sky beasts
  3 phantoms
  6 ogres
  3 centaurs
  A gnoll sergeant (D:7)
  A bullfrog (shapeshifter) (D:9)
  4 bullfrogs
  Dowan (D:6)
  A water moccasin skeleton (D:6)
  13 killer bees
  5 wights (D:7)
  5 howler monkeys
  6 crimson imps
  A centaur zombie (D:5)
  3 jellies (D:10)
  3 orc priests
  A bullfrog skeleton (D:8)
  A gnoll shaman (D:9)
  7 hounds
  An iron imp (D:8)
  11 orc wizards
  A centaur skeleton (D:8)
  An iguana (D:7)
  4 worker ants
  A hound zombie (D:7)
  2 hound skeletons
  A howler monkey zombie (D:7)
  9 adders
  10 gnolls
  A shadow imp (D:9)
  3 oozes
  2 adder skeletons (D:7)
  2 worms (D:3)
  2 dart slugs (D:3)
  5 leopard geckos
  47 orcs
  7 bats
  5 giant cockroaches
  10 goblins
  8 hobgoblins
  7 jackals
  4 quokkas
  3 ball pythons
  8 frilled lizards
  5 kobolds
  6 rats
252 creatures vanquished.

Vanquished Creatures (others)
  A ball python (D:5)
1 creature vanquished.

Grand Total: 253 creatures vanquished

Notes
Turn   | Place    | Note
-------+----------+-------------------------------------------
     0 | D:1      | Lexie the Octopode Wizard began the quest for the Orb.
     0 | D:1      | Reached XP level 1. HP: 11/11 MP: 4/4
   237 | D:1      | Reached XP level 2. HP: 17/17 MP: 3/6
   572 | D:1      | Reached XP level 3. HP: 21/21 MP: 4/8
   576 | D:1      | Learned a level 2 spell: Blink
   580 | D:1      | Learned a level 3 spell: Conjure Flame
   584 | D:1      | Learned a level 3 spell: Mephitic Cloud
  1897 | D:2      | Found a shadowy altar of Dithmenos.
  2252 | D:2      | Reached XP level 4. HP: 26/27 MP: 2/10
  2502 | D:3      | Noticed Lexie's ghost (amateur OpWz)
  3508 | D:3      | Killed Lexie's ghost
  3508 | D:3      | Reached XP level 5. HP: 6/31 MP: 2/12
  3763 | D:3      | Found a deep blue altar of Sif Muna.
  3843 | D:3      | Reached XP level 6. HP: 32/36 MP: 6/13
  4024 | D:3      | Reached skill level 5 in Spellcasting
  5128 | D:4      | Found an opulent altar of Gozag.
  5128 | D:4      | Found a basalt altar of Yredelemnul.
  5129 | D:4      | Found a shattered altar of Ashenzari.
  5509 | D:5      | Entered Level 5 of the Dungeon
  5651 | D:5      | Noticed Sigmund
  5682 | D:5      | Noticed a sky beast
  5850 | D:5      | Reached XP level 7. HP: 41/41 MP: 9/15
  6598 | D:5      | Reached skill level 5 in Conjurations
  6640 | D:5      | Found a burning altar of Makhleb.
  7393 | D:6      | Reached XP level 8. HP: 26/46 MP: 7/17
  7407 | D:6      | Noticed Eustachio
  7549 | D:6      | Killed Eustachio
  7812 | D:6      | Found a staircase to the Ecumenical Temple.
  7850 | Temple   | Entered the Ecumenical Temple
  7922 | Temple   | Became a worshipper of Vehumet
  8360 | D:6      | Noticed Dowan
  8360 | D:6      | Noticed Duvessa
  8390 | D:6      | Killed Duvessa
  8927 | D:6      | Reached XP level 9. HP: 51/51 MP: 7/21
  9061 | D:6      | Killed Dowan
  9199 | D:6      | Reached * piety under Vehumet
  9199 | D:6      | Offered knowledge of Freeze by Vehumet.
  9760 | D:5      | Killed Sigmund
  9973 | D:5      | Found a stormy altar of Qazlal.
 11410 | D:7      | Found a sacrificial altar of Ru.
 12074 | D:7      | Found Jefin's Food Boutique.
 12597 | D:7      | Offered knowledge of Throw Flame by Vehumet.
 12601 | D:7      | Learned a level 2 spell: Throw Flame
 12767 | D:8      | Reached ** piety under Vehumet
 12767 | D:8      | Reached XP level 10. HP: 56/56 MP: 13/23
 12863 | D:8      | Found an ornate altar of the Wu Jian Council.
 12900 | D:8      | Noticed a two-headed ogre
 12917 | D:8      | Killed a two-headed ogre
 13148 | D:8      | Noticed a two-headed ogre
 13462 | D:9      | Found a staircase to the Orcish Mines.
 13491 | D:8      | Found a snail-covered altar of Cheibriados.
 14050 | D:8      | Noticed a two-headed ogre
 14415 | D:8      | Killed a two-headed ogre
 14415 | D:8      | Reached skill level 10 in Spellcasting
 14415 | D:8      | Reached skill level 10 in Conjurations
 15089 | D:8      | Found a white marble altar of Elyvilon.
 15492 | D:9      | Reached skill level 5 in Fighting
 15637 | D:9      | Offered knowledge of Static Discharge by Vehumet.
 15829 | D:9      | Noticed a two-headed ogre
 15855 | D:9      | Killed a two-headed ogre
 16046 | D:9      | Reached XP level 11. HP: 72/72 MP: 8/25
 16500 | D:9      | Reached *** piety under Vehumet
 16970 | D:9      | Noticed a two-headed ogre
 16983 | D:9      | Killed a two-headed ogre
 17784 | D:10     | Entered Level 10 of the Dungeon
 17896 | D:10     | Offered knowledge of Olgreb's Toxic Radiance by Vehumet.
 17902 | D:10     | Learned a level 4 spell: Olgreb's Toxic Radiance
 17990 | D:10     | Slain by a vampire

Vault maps used:
D:1:      minmay_arrival_semitransparent
D:2:      overflow_temple_1_default, first_bread
D:3:      lemuel_blue_sif_altar, minivault_11
D:4:      nicolae_overflow_hidden_temple, serial_park_tiny_2
D:5:      grunt_qazlal_clouds, makhleb_heckhound_becter, uniq_sigmund
D:6:      nicolae_whirlpool, minmay_temple_entry_statues_pillars,
          uniq_eustachio, uniq_duvessa
D:7:      basic_altar, serial_shops, kennysheep_mini_moat, grunt_ogre_cave
D:8:      overflow_temple_1_default, slow_altar_1, elyvilon_altar_5
D:9:      david_orc_2, hangedman_decor_opposing, nicolae_lava_and_water
D:10:     lair_entry_dummy, enter_trove_3
Temple:   jpeg_temple_clearing

Skill      XL: |  1  2  3  4  5  6  7  8  9 10 11 |
---------------+----------------------------------+-----
Conjurations   | 2 3 4 5 7 9 10 | 10.7
Spellcasting   | 4 5 6 8 9 10 | 10.6
Fighting       | 6 7 |  7.3
Dodging        | |  2.2
Stealth        | |  2.8
Unarmed Combat | |  0.2
Summonings     | |  1.0
Translocations | |  1.0

Action                   |  1- 3 |  4- 6 |  7- 9 | 10-12 || total
-------------------------+-------+-------+-------+-------++-------
Melee: Unarmed           |     1 |     8 |       |       ||     9
       Constrict         |     1 |       |     8 |     2 ||    11
       Dagger            |       |     1 |    53 |    27 ||    81
       Tentacles         |       |     1 |    10 |     4 ||    15
       Quarterstaff      |       |       |       |     4 ||     4
 Cast: Magic Dart        |    97 |   163 |   471 |   244 ||   975
       Mephitic Cloud    |       |     2 |    36 |    31 ||    69
       Conjure Flame     |       |     1 |    15 |    13 ||    29
       Blink             |       |       |     6 |     7 ||    13
       Throw Flame       |       |       |     9 |   107 ||   116
       Olgreb's Toxic Ra |       |       |       |     1 ||     1
  Use: Potion            |       |     1 |       |       ||     1
       Scroll            |       |       |     1 |       ||     1
 Stab: Sleeping          |       |     1 |     3 |       ||     4
       Confused          |       |       |     1 |       ||     1
  Eat: Chunk             |     4 |     9 |     8 |     7 ||    28
       Royal jelly       |       |       |     2 |       ||     2
       Bread ration      |       |       |     1 |       ||     1
       Meat ration       |       |       |     1 |     2 ||     3
Armor: Skin              |     2 |     2 |     6 |     2 ||    12
Dodge: Dodged            |     7 |    27 |    65 |    80 ||   179
